Minnesota Wild vs Chicago Blackhawks

Created - jeudi 27 décembre 2018 at 19:00

Goals
1 2 3 T
Minnesota Wild 1 2 0 3
Chicago Blackhawks 1 0 0 1
Shots
1 2 3 T
Minnesota Wild 12 10 8 30
Chicago Blackhawks 8 13 4 25

1st period

1. Minnesota Wild , Nino Niederreiter 6 (Mikko Koivu 10, Jason Zucker 6) at 13:54
2. Chicago Blackhawks , Richard Panik 7 (Duncan Keith 14, Patrick Kane 21) at 14:51

Penalties :
Ryan Hartman (CHI) for Roughing (Minor) at 8:37

2nd period

3. Minnesota Wild , Alexander Steen 7 (Mikko Koivu 11) at 2:02 (PP)
4. Minnesota Wild , Jared Spurgeon 1 (Christian Folin 7) at 3:10

Penalties :
Marcus Kruger (CHI) for Hooking (Minor) at 1:57, Alexander Steen (MIN) for Holding (Minor) at 5:13

3rd period

No Goal

Penalties :
Patrick Sharp (MIN) for Holding (Minor) at 1:57, Ryan Hartman (CHI) for Close Hand On Puck (Minor) at 14:39

Goalie Stats

James Reimer (MIN), 24 saves from 25 shots - (0.960), W, 8-13-4, 60:00 minutes
Corey Crawford (CHI), 27 saves from 30 shots - (0.900), L, 14-9-8, 60:00 minutes

Players Stats for Minnesota Wild

Player Name              G  A  P  +/- PIM S  H  SB GA TA FO     MP     PP MP  PK MP  
------------------------------------------------------------------------------------
Alexander Steen          1  0  1   1  2   3  3  1  0  0  0/0    16:40   1:58   0:11 
Christian Folin          0  1  1   2  0   0  2  2  1  0  0/0    20:18   1:39   2:02 
David Warsofsky          0  0  0   0  0   1  0  2  0  0  0/0    16:14   0:00   0:00 
Jared Spurgeon           1  0  1   2  0   1  0  1  0  2  0/0    19:58   1:39   1:56 
Jason Zucker             0  1  1   0  0   4  1  1  1  0  0/0    15:15   1:56   0:11 
Joel Eriksson Ek         0  0  0   0  0   4  4  2  0  1  1/1    11:39   0:00   0:00 
Johan Larsson            0  0  0   0  0   2  1  1  1  0  4/12   14:25   0:00   1:58 
Jonas Brodin             0  0  0  -1  0   2  0  3  0  0  0/0    23:42   2:24   2:02 
Matt Cullen              0  0  0   0  0   0  2  0  0  0  2/8    12:45   0:00   0:00 
Matt Dumba               0  0  0  -1  0   1  6  0  0  2  0/0    21:58   2:24   0:00 
Matt Nieto               0  0  0   0  0   0  0  2  0  0  0/0    16:10   0:12   1:58 
Mika Zibanejad           0  0  0   1  0   1  1  0  0  0  7/14   15:13   2:05   0:00 
Mikael Granlund          0  0  0   1  0   6  2  0  1  2  1/1    17:35   2:05   1:49 
Mikko Koivu              0  2  2   0  0   2  3  1  0  0  9/19   16:28   1:58   1:49 
Nate Prosser             0  0  0   0  0   1  1  1  0  0  0/0    17:27   0:00   1:56 
Nino Niederreiter        1  0  1   0  0   1  0  0  0  1  1/1    14:43   1:55   0:00 
Patrick Sharp            0  0  0   0  2   1  2  0  0  0  0/0    13:40   0:00   0:00 
Ty Rattie                0  0  0   0  0   0  1  0  0  0  1/2    11:50   0:00   0:00 

Players Stats for Chicago Blackhawks

Player Name              G  A  P  +/- PIM S  H  SB GA TA FO     MP     PP MP  PK MP  
------------------------------------------------------------------------------------
Alex DeBrincat           0  0  0   0  0   0  1  0  0  0  0/1    12:20   0:00   0:00 
Andrew Ladd              0  0  0   0  0   0  1  0  0  0  0/0    14:29   0:09   0:56 
Anthony Mantha           0  0  0  -1  0   3  1  0  0  1  0/0    15:20   1:49   0:00 
Artem Anisimov           0  0  0  -1  0   1  2  0  1  0  6/11   16:19   1:43   1:11 
Brent Seabrook           0  0  0  -1  0   0  2  1  0  0  0/0    19:52   2:16   1:38 
Connor Murphy            0  0  0  -1  0   0  4  1  0  1  0/0    20:03   1:42   1:38 
David Kampf              0  0  0   0  0   1  3  0  0  0  3/9    13:13   0:00   0:53 
Denis Malgin             0  0  0   1  0   3  2  0  1  0  0/0    12:10   0:00   0:00 
Duncan Keith             0  1  1   1  0   1  2  0  1  1  0/0    21:05   2:16   0:00 
Jan Rutta                0  0  0  -1  0   0  1  0  1  0  0/0    19:07   0:00   2:25 
Jonathan Toews           0  0  0  -1  0   1  1  1  1  0  16/21  16:38   2:06   1:08 
Marcus Kruger            0  0  0   1  2   1  1  0  1  0  6/13   14:33   0:09   1:53 
Nick Schmaltz            0  0  0  -1  0   2  1  0  0  1  0/0    17:19   1:49   2:05 
Patrick Kane             0  1  1  -1  0   4  0  0  1  0  0/0    15:30   2:06   0:00 
Richard Panik            1  0  1   1  0   3  1  1  1  0  0/1    12:38   0:03   0:00 
Ryan Hartman             0  0  0  -1  4   1  2  0  0  0  1/2    15:25   2:00   0:00 
Scott Mayfield           0  0  0   1  0   2  3  1  0  0  0/0    17:28   0:00   0:00 
Seth Jones               0  0  0  -1  0   2  0  3  0  0  0/0    22:25   1:42   2:25 

3 Stars

1 - Jared Spurgeon (MIN)
2 - James Reimer (MIN)
3 - Mikko Koivu (MIN)

Power Play

Minnesota Wild - 1 on 3 Attempt(s) - 33.33%
Chicago Blackhawks - 0 on 2 Attempt(s) - 0.00%

Penalty Kill

Minnesota Wild - 2 on 2 Attempt(s) - 100.00% - Score 0 goal in Penalty Kill
Chicago Blackhawks - 2 on 3 Attempt(s) - 66.67% - Score 0 goal in Penalty Kill

Team Stat

Minnesota Wild - Hits : 29 - Faceoff Wins : 26 - Blocked Shots : 17 - Penalty Minutes : 4
Chicago Blackhawks - Hits : 28 - Faceoff Wins : 32 - Blocked Shots : 8 - Penalty Minutes : 6

Official

Referees : Jake Brenk and Dean Morton
Linesman : Derek Nanson and Derek Amell

Game Notes

6:55 of 2nd period - Chicago Blackhawks goal is going for a video replay. After video review, No Goal. The attacking player has interfered with a goalkeeper in his goal crease.

Finance

Level 1 -- Attendance: 9087 (81.13%) -- Ticket Income fr. 726'960
Level 2 -- Attendance: 1537 (66.83%) -- Ticket Income fr. 99'905
Level 3 -- Attendance: 2894 (74.21%) -- Ticket Income fr. 101'290
Level 4 -- Attendance: 1356 (87.48%) -- Ticket Income fr. 27'120
Luxury Box -- Attendance: 44 (88.00%) -- Ticket Income fr. 8'756
Game was played at the United Center.
Total Attendance: 14918 (78.52%)
Total Ticket Income: fr. 964'031
Total Income: fr. 964'031

Minnesota Wild

5 vs 5 Forward 
   Center                   Left Wing                Right Wing               Time % Phy DF OF 
 1 Mika Zibanejad           Alexander Steen          Mikael Granlund          26     0   1  4  
 2 Mikko Koivu              Nino Niederreiter        Jason Zucker             26     0   1  4  
 3 Matt Cullen              Matt Nieto               Patrick Sharp            25     0   2  3  
 4 Johan Larsson            Joel Eriksson Ek         Ty Rattie                23     0   4  1  

5 vs 5 Defense 
   Defense                  Defense                                           Time % Phy DF OF 
 1 Matt Dumba               Jonas Brodin                                      32     0   3  2  
 2 Jared Spurgeon           Christian Folin                                   32     0   3  2  
 3 David Warsofsky          Nate Prosser                                      28     0   4  1  
 4 Jonas Brodin             Matt Dumba                                        8      0   4  1  

PowerPlay Forward 
   Center                   Left Wing                Right Wing               Time % Phy DF OF 
 1 Mika Zibanejad           Jason Zucker             Mikael Granlund          50     0   0  5  
 2 Mikko Koivu              Nino Niederreiter        Alexander Steen          50     0   0  5  

PowerPlay Defense
   Defense                  Defense                                           Time % Phy DF OF 
 1 Matt Dumba               Jonas Brodin                                      50     0   1  4  
 2 Jared Spurgeon           Christian Folin                                   50     0   1  4  

Penalty Kill 4 Players Forward 
   Center                   Wing                     Time % Phy DF OF 
 1 Mikko Koivu              Mikael Granlund          50     0   5  0  
 2 Johan Larsson            Matt Nieto               50     0   5  0  

Penalty Kill 4 Players Defense
   Defense                  Defense                  Time % Phy DF OF 
 1 Jonas Brodin             Christian Folin          50     0   5  0  
 2 Jared Spurgeon           Nate Prosser             50     0   5  0  

Penalty Kill - 3 Players Forward 
   Forward                                           Time % Phy DF OF 
 1 Mikko Koivu                                       50     0   5  0  
 2 Johan Larsson                                     50     0   5  0  

Penalty Kill - 3 Players Defense
   Defense                  Defense                  Time % Phy DF OF 
 1 Christian Folin          Jonas Brodin             50     0   5  0  
 2 Jared Spurgeon           Nate Prosser             50     0   5  0  

4 vs 4 Forward 
   Center                   Wing                     Time % Phy DF OF 
 1 Mikko Koivu              Mikael Granlund          50     0   1  4  
 2 Mika Zibanejad           Alexander Steen          50     0   1  4  

4 vs 4 Defense
   Defense                  Defense                  Time % Phy DF OF 
 1 Jonas Brodin             Matt Dumba               50     0   2  3  
 2 Christian Folin          Jared Spurgeon           50     0   2  3  

Last Minutes Offensive
   Center                   Left Wing                Right Wing               Defense                  Defense                  
   Mika Zibanejad           Jason Zucker             Alexander Steen          Mikael Granlund          Matt Dumba               

Last Minutes Defensive
   Center                   Left Wing                Right Wing               Defense                  Defense                  
   Mikko Koivu              Matt Nieto               Mikael Granlund          Jonas Brodin             Jared Spurgeon           

Goaltenders
Starting : James Reimer             
Backup : Darcy Kuemper            

Extra Forwards
Normal : Jason Zucker, Mikael Granlund, Alexander Steen - PP : Alexander Steen, Nino Niederreiter - PK : Matt Nieto
Extra Defensemen
Normal : Jonas Brodin, Matt Dumba, Jared Spurgeon - PP : Matt Dumba - PK : Jared Spurgeon, Jonas Brodin
Penalty Shots
Mika Zibanejad, Mikael Granlund, Alexander Steen, Jason Zucker, Nino Niederreiter
Custom OT Lines Forwards
Mikael Granlund, Jason Zucker, Nino Niederreiter, Mika Zibanejad, Mikko Koivu, Alexander Steen, Matt Nieto, Matt Cullen, Patrick Sharp, Joel Eriksson Ek
Custom OT Lines Defensemen
Matt Dumba, Jonas Brodin, Jared Spurgeon, Christian Folin, Nate Prosser

Scratches
None

Chicago Blackhawks

5 vs 5 Forward 
   Center                   Left Wing                Right Wing               Time % Phy DF OF 
 1 Artem Anisimov           Nick Schmaltz            Anthony Mantha           26     0   1  4  
 2 Jonathan Toews           Ryan Hartman             Patrick Kane             25     0   1  4  
 3 David Kampf              Andrew Ladd              Alex DeBrincat           25     0   2  3  
 4 Marcus Kruger            Richard Panik            Denis Malgin             24     0   3  2  

5 vs 5 Defense 
   Defense                  Defense                                           Time % Phy DF OF 
 1 Duncan Keith             Scott Mayfield                                    33     0   2  3  
 2 Seth Jones               Connor Murphy                                     33     0   2  3  
 3 Brent Seabrook           Jan Rutta                                         29     0   3  2  
 4 Duncan Keith             Seth Jones                                        5      0   3  2  

PowerPlay Forward 
   Center                   Left Wing                Right Wing               Time % Phy DF OF 
 1 Jonathan Toews           Ryan Hartman             Patrick Kane             50     0   1  4  
 2 Artem Anisimov           Nick Schmaltz            Anthony Mantha           50     0   1  4  

PowerPlay Defense
   Defense                  Defense                                           Time % Phy DF OF 
 1 Duncan Keith             Brent Seabrook                                    60     0   2  3  
 2 Seth Jones               Connor Murphy                                     40     0   2  3  

Penalty Kill 4 Players Forward 
   Center                   Wing                     Time % Phy DF OF 
 1 Marcus Kruger            Nick Schmaltz            60     0   5  0  
 2 Artem Anisimov           David Kampf              40     0   5  0  

Penalty Kill 4 Players Defense
   Defense                  Defense                  Time % Phy DF OF 
 1 Seth Jones               Jan Rutta                60     0   5  0  
 2 Brent Seabrook           Connor Murphy            40     0   5  0  

Penalty Kill - 3 Players Forward 
   Forward                                           Time % Phy DF OF 
 1 Marcus Kruger                                     60     0   5  0  
 2 Jonathan Toews                                    40     0   5  0  

Penalty Kill - 3 Players Defense
   Defense                  Defense                  Time % Phy DF OF 
 1 Brent Seabrook           Connor Murphy            60     0   5  0  
 2 Duncan Keith             Scott Mayfield           40     0   5  0  

4 vs 4 Forward 
   Center                   Wing                     Time % Phy DF OF 
 1 Marcus Kruger            Nick Schmaltz            50     0   2  3  
 2 Jonathan Toews           David Kampf              50     0   2  3  

4 vs 4 Defense
   Defense                  Defense                  Time % Phy DF OF 
 1 Duncan Keith             Brent Seabrook           50     0   3  2  
 2 Scott Mayfield           Seth Jones               50     0   3  2  

Last Minutes Offensive
   Center                   Left Wing                Right Wing               Defense                  Defense                  
   Jonathan Toews           Patrick Kane             Nick Schmaltz            Brent Seabrook           Jan Rutta                

Last Minutes Defensive
   Center                   Left Wing                Right Wing               Defense                  Defense                  
   Jonathan Toews           Patrick Kane             Nick Schmaltz            Brent Seabrook           Jan Rutta                

Goaltenders
Starting : Corey Crawford           
Backup : Antti Raanta             

Extra Forwards
Normal : Nick Schmaltz, Jonathan Toews, Patrick Kane - PP : Nick Schmaltz, Jonathan Toews - PK : Jonathan Toews
Extra Defensemen
Normal : Brent Seabrook, Seth Jones, Duncan Keith - PP : Brent Seabrook - PK : Brent Seabrook, Seth Jones
Penalty Shots
Patrick Kane, Ryan Hartman, Nick Schmaltz, Jonathan Toews, Alex DeBrincat
Custom OT Lines Forwards
Jonathan Toews, Nick Schmaltz, Patrick Kane, Artem Anisimov, Marcus Kruger, Ryan Hartman, David Kampf, Anthony Mantha, Alex DeBrincat, Andrew Ladd
Custom OT Lines Defensemen
Brent Seabrook, Seth Jones, Duncan Keith, Scott Mayfield, Jan Rutta

Scratches
Tanner Kero (Healthy), Michal Kempny (Healthy)

% Time on Ice - Minnesota Wild

Lines # - Real PCT - Wanted PCT - Time Play
Normal Forward
1 - 26% - 26% - 13:39
2 - 27% - 26% - 14:16
3 - 24% - 25% - 12:35
4 - 22% - 23% - 11:29
Normal Defense
1 - 34% - 32% - 17:31
2 - 31% - 32% - 15:57
3 - 30% - 28% - 15:28
4 - 6% - 8% - 3:03
PP Forward
1 - 51% - 50% - 2:05
2 - 49% - 50% - 1:58
PP Defense
1 - 59% - 50% - 2:24
2 - 41% - 50% - 1:39
PK Forward
1 - 50% - 50% - 2:00
2 - 50% - 50% - 1:58
PK Defense
1 - 51% - 50% - 2:02
2 - 49% - 50% - 1:56
PK3 Forward
1 - 0% - 50%
2 - 0% - 50%
PK3 Defense
1 - 0% - 50%
2 - 0% - 50%
44 Forward
1 - 0% - 50%
2 - 0% - 50%
44 Defense
1 - 0% - 50%
2 - 0% - 50%
Last Minute Offensive  - 0:00
Last Minute Defensive  - 0:00
Total
Forward - 60:00
Defense - 60:00

% Time on Ice - Chicago Blackhawks

Lines # - Real PCT - Wanted PCT - Time Play
Normal Forward
1 - 27% - 26% - 14:11
2 - 27% - 25% - 13:52
3 - 24% - 25% - 12:20
4 - 22% - 24% - 11:36
Normal Defense
1 - 34% - 33% - 17:27
2 - 32% - 33% - 16:51
3 - 30% - 29% - 15:36
4 - 4% - 5% - 2:05
PP Forward
1 - 54% - 50% - 2:09
2 - 46% - 50% - 1:49
PP Defense
1 - 57% - 60% - 2:16
2 - 43% - 40% - 1:42
PK Forward
1 - 78% - 60% - 3:10
2 - 22% - 40% - 0:53
PK Defense
1 - 60% - 60% - 2:25
2 - 40% - 40% - 1:38
PK3 Forward
1 - 0% - 60%
2 - 0% - 40%
PK3 Defense
1 - 0% - 60%
2 - 0% - 40%
44 Forward
1 - 0% - 50%
2 - 0% - 50%
44 Defense
1 - 0% - 50%
2 - 0% - 50%
Last Minute Offensive  - 0:00
Last Minute Defensive  - 0:00
Total
Forward - 60:00
Defense - 60:00

Play-by-Play

1st period


0:01 of 1st period - Artem Anisimov wins face-off versus Mika Zibanejad in neutral zone.
0:26 of 1st period - Scott Mayfield is hit by Matt Dumba and loses puck.
1:48 of 1st period - Slapshot by Johan Larsson.
1:48 of 1st period - Stopped by Corey Crawford without a rebound.
1:49 of 1st period - Jonathan Toews wins face-off versus Ty Rattie in Chicago Blackhawks zone.
1:56 of 1st period - Slapshot by Patrick Kane.
1:56 of 1st period - Shot Misses the Net.
1:58 of 1st period - Snap shot by Ryan Hartman.
1:58 of 1st period - Shot Blocked by Joel Eriksson Ek.
2:00 of 1st period - Snap shot by Brent Seabrook.
2:00 of 1st period - Deflect By Patrick Kane.
2:00 of 1st period - Shot Misses the Net.
2:00 of 1st period - Puck is out of play.
2:01 of 1st period - Marcus Kruger wins face-off versus Mikko Koivu in Minnesota Wild zone.
2:10 of 1st period - Wrist shot by Denis Malgin.
2:10 of 1st period - Shot Blocked by David Warsofsky.
2:12 of 1st period - Wrist shot by Richard Panik.
2:12 of 1st period - Deflect By Denis Malgin.
2:12 of 1st period - Stopped by James Reimer without a rebound.
2:13 of 1st period - Mika Zibanejad wins face-off versus David Kampf in Minnesota Wild zone.
2:42 of 1st period - Slapshot by Matt Dumba.
2:42 of 1st period - Shot Misses the Net.
2:44 of 1st period - Slapshot by Johan Larsson.
2:44 of 1st period - Shot Misses the Net.
3:11 of 1st period - Nick Schmaltz is hit by Nate Prosser and loses puck.
3:24 of 1st period - Duncan Keith is hit by Mika Zibanejad and loses puck.
3:33 of 1st period - Snap shot by Mikael Granlund.
3:33 of 1st period - Stopped by Corey Crawford without a rebound.
3:34 of 1st period - David Kampf wins face-off versus Johan Larsson in Chicago Blackhawks zone.
3:59 of 1st period - Mika Zibanejad is hit by Denis Malgin and loses puck.
4:22 of 1st period - Wrist shot by Jason Zucker.
4:22 of 1st period - Stopped by Corey Crawford without a rebound.
4:23 of 1st period - Mikko Koivu wins face-off versus David Kampf in Chicago Blackhawks zone.
5:12 of 1st period - Nate Prosser is hit by Brent Seabrook and loses puck.
5:31 of 1st period - Brent Seabrook is hit by Mikael Granlund and loses puck.
7:15 of 1st period - Off-side.
7:16 of 1st period - Nino Niederreiter wins face-off versus Alex DeBrincat in neutral zone.
7:24 of 1st period - Icing by Duncan Keith.
7:25 of 1st period - David Kampf wins face-off versus Matt Cullen in Chicago Blackhawks zone.
7:54 of 1st period - Alexander Steen is hit by Jan Rutta and loses puck.
8:21 of 1st period - Snap shot by Anthony Mantha.
8:21 of 1st period - Shot Misses the Net.
8:28 of 1st period - Icing by Jonas Brodin.
8:29 of 1st period - Jonathan Toews wins face-off versus Johan Larsson in Minnesota Wild zone.
8:30 of 1st period - Snap shot by Patrick Kane.
8:30 of 1st period - Stopped by James Reimer without a rebound.
8:31 of 1st period - Jonathan Toews wins face-off versus Mikko Koivu in Minnesota Wild zone.
8:37 of 1st period - Minor Penalty to Ryan Hartman for Roughing.
8:38 of 1st period - Mika Zibanejad wins face-off versus Marcus Kruger in Chicago Blackhawks zone.
8:40 of 1st period - Backhand shot by Mikael Granlund.
8:40 of 1st period - Stopped by Corey Crawford without a rebound.
8:41 of 1st period - Mika Zibanejad wins face-off versus Marcus Kruger in Chicago Blackhawks zone.
8:46 of 1st period - Wrist shot by Mika Zibanejad.
8:46 of 1st period - Shot Misses the Net.
9:15 of 1st period - Connor Murphy is hit by Mikko Koivu and loses puck.
10:37 of 1st period - Penalty to Ryan Hartman is over, Ryan Hartman is back on ice.
11:00 of 1st period - Off-side.
11:01 of 1st period - Matt Cullen wins face-off versus David Kampf in neutral zone.
11:53 of 1st period - Wrist shot by Richard Panik.
11:53 of 1st period - Deflect By Jason Zucker.
11:53 of 1st period - Shot Blocked by Mikko Koivu.
11:53 of 1st period - Puck is out of play.
11:54 of 1st period - Marcus Kruger wins face-off versus Mikko Koivu in Minnesota Wild zone.
11:55 of 1st period - Slapshot by Seth Jones.
11:55 of 1st period - Deflect By Mikko Koivu.
11:55 of 1st period - Stopped by James Reimer with a rebound.
11:57 of 1st period - Slapshot by Seth Jones.
11:57 of 1st period - Stopped by James Reimer without a rebound.
11:58 of 1st period - Mika Zibanejad wins face-off versus Artem Anisimov in Minnesota Wild zone.
12:09 of 1st period - Wrist shot by Mikael Granlund.
12:09 of 1st period - Shot Misses the Net.
12:27 of 1st period - Wrist shot by Mikko Koivu.
12:27 of 1st period - Stopped by Corey Crawford without a rebound.
12:28 of 1st period - Jonathan Toews wins face-off versus Mikko Koivu in Chicago Blackhawks zone.
13:32 of 1st period - Wrist shot by Joel Eriksson Ek.
13:32 of 1st period - Stopped by Corey Crawford without a rebound.
13:33 of 1st period - Johan Larsson wins face-off versus David Kampf in Chicago Blackhawks zone.
13:34 of 1st period - Wrist shot by Ty Rattie.
13:34 of 1st period - Shot Misses the Net.
13:44 of 1st period - Wrist shot by Ty Rattie.
13:44 of 1st period - Deflect By Joel Eriksson Ek.
13:44 of 1st period - Shot Misses the Net.
13:44 of 1st period - Puck is out of play.
13:45 of 1st period - Mikko Koivu wins face-off versus Artem Anisimov in Chicago Blackhawks zone.
13:48 of 1st period - Snap shot by Jason Zucker.
13:48 of 1st period - Shot Misses the Net.
13:50 of 1st period - Backhand shot by Mikko Koivu.
13:50 of 1st period - Shot Misses the Net.
13:54 of 1st period - Slapshot by Nino Niederreiter.
13:54 of 1st period - Goal by Nino Niederreiter - Minnesota Wild : 1 - Chicago Blackhawks : 0.
13:55 of 1st period - Mika Zibanejad wins face-off versus Artem Anisimov in neutral zone.
14:22 of 1st period - Jared Spurgeon is hit by Ryan Hartman and loses puck.
14:31 of 1st period - Wrist shot by Jonathan Toews.
14:31 of 1st period - Shot Blocked by Matt Nieto.
14:47 of 1st period - Wrist shot by Richard Panik.
14:47 of 1st period - Shot Blocked by Jason Zucker.
14:51 of 1st period - Snap shot by Richard Panik.
14:51 of 1st period - Goal by Richard Panik - Minnesota Wild : 1 - Chicago Blackhawks : 1.
14:52 of 1st period - Mika Zibanejad wins face-off versus Marcus Kruger in neutral zone.
14:55 of 1st period - Wrist shot by Mikael Granlund.
14:55 of 1st period - Shot Blocked by Seth Jones.
14:57 of 1st period - Slapshot by Jonas Brodin.
14:57 of 1st period - Stopped by Corey Crawford with a rebound.
14:59 of 1st period - Snap shot by Alexander Steen.
14:59 of 1st period - Deflect By Mika Zibanejad.
14:59 of 1st period - Stopped by Corey Crawford without a rebound.
15:00 of 1st period - Marcus Kruger wins face-off versus Mika Zibanejad in Chicago Blackhawks zone.
15:07 of 1st period - Wrist shot by Marcus Kruger.
15:07 of 1st period - Stopped by James Reimer without a rebound.
15:08 of 1st period - Artem Anisimov wins face-off versus Mikko Koivu in Minnesota Wild zone.
15:19 of 1st period - Snap shot by Jason Zucker.
15:19 of 1st period - Shot Misses the Net.
15:35 of 1st period - Andrew Ladd is hit by Matt Dumba and loses puck.
15:56 of 1st period - Wrist shot by Alexander Steen.
15:56 of 1st period - Stopped by Corey Crawford without a rebound.
15:57 of 1st period - Jonathan Toews wins face-off versus Mika Zibanejad in Chicago Blackhawks zone.
16:12 of 1st period - Slapshot by Patrick Kane.
16:12 of 1st period - Stopped by James Reimer without a rebound.
16:13 of 1st period - Mikko Koivu wins face-off versus Marcus Kruger in Minnesota Wild zone.
16:26 of 1st period - Slapshot by Seth Jones.
16:26 of 1st period - Shot Misses the Net.
16:28 of 1st period - Slapshot by Denis Malgin.
16:28 of 1st period - Stopped by James Reimer with a rebound.
16:40 of 1st period - Snap shot by Anthony Mantha.
16:40 of 1st period - Shot Misses the Net.
16:50 of 1st period - Snap shot by Nick Schmaltz.
16:50 of 1st period - Shot Blocked by Jared Spurgeon.
17:06 of 1st period - Snap shot by Patrick Sharp.
17:06 of 1st period - Stopped by Corey Crawford without a rebound.
17:07 of 1st period - Jonathan Toews wins face-off versus Matt Cullen in Chicago Blackhawks zone.
17:12 of 1st period - Matt Dumba is hit by Jonathan Toews and loses puck.
17:19 of 1st period - Snap shot by Jonas Brodin.
17:19 of 1st period - Shot Blocked by Scott Mayfield.
17:21 of 1st period - Slapshot by Jonas Brodin.
17:21 of 1st period - Stopped by Corey Crawford without a rebound.
17:22 of 1st period - Johan Larsson wins face-off versus David Kampf in Chicago Blackhawks zone.
17:25 of 1st period - Slapshot by Joel Eriksson Ek.
17:25 of 1st period - Shot Misses the Net.
17:37 of 1st period - Johan Larsson is hit by David Kampf.
17:55 of 1st period - Wrist shot by Denis Malgin.
17:55 of 1st period - Shot Blocked by Jonas Brodin.
18:18 of 1st period - Christian Folin is hit by Artem Anisimov and loses puck.
18:59 of 1st period - Brent Seabrook is hit by Joel Eriksson Ek and loses puck.
19:10 of 1st period - Alexander Steen is hit by David Kampf and loses puck.
Goals for this period are 1 for Minnesota Wild vs 1 for Chicago Blackhawks.
Shots for this period are 12 for Minnesota Wild vs 8 for Chicago Blackhawks.

2nd period


0:01 of 2nd period - Johan Larsson wins face-off versus Marcus Kruger in neutral zone.
0:04 of 2nd period - Slapshot by Ty Rattie.
0:04 of 2nd period - Deflect By Joel Eriksson Ek.
0:04 of 2nd period - Stopped by Corey Crawford without a rebound.
0:05 of 2nd period - Ty Rattie wins face-off versus Marcus Kruger in Chicago Blackhawks zone.
0:18 of 2nd period - Snap shot by Joel Eriksson Ek.
0:18 of 2nd period - Shot Blocked by Seth Jones.
0:20 of 2nd period - Slapshot by Matt Dumba.
0:20 of 2nd period - Stopped by Corey Crawford with a rebound.
1:22 of 2nd period - Backhand shot by Jason Zucker.
1:22 of 2nd period - Stopped by Corey Crawford with a rebound.
1:24 of 2nd period - Snap shot by Mikko Koivu.
1:24 of 2nd period - Shot Misses the Net.
1:36 of 2nd period - Icing by Jared Spurgeon.
1:37 of 2nd period - Johan Larsson wins face-off versus Richard Panik in Minnesota Wild zone.
1:44 of 2nd period - Snap shot by Ty Rattie.
1:44 of 2nd period - Deflect By Joel Eriksson Ek.
1:44 of 2nd period - Stopped by Corey Crawford with a rebound.
1:57 of 2nd period - Minor Penalty to Marcus Kruger for Hooking.
1:58 of 2nd period - Mikko Koivu wins face-off versus Jonathan Toews in Chicago Blackhawks zone.
2:00 of 2nd period - Slapshot by Alexander Steen.
2:00 of 2nd period - Shot Misses the Net.
2:02 of 2nd period - Snap shot by Alexander Steen.
2:02 of 2nd period - Goal by Alexander Steen - Minnesota Wild : 2 - Chicago Blackhawks : 1.
2:03 of 2nd period - Jonathan Toews wins face-off versus Mika Zibanejad in neutral zone.
2:14 of 2nd period - Wrist shot by Jonathan Toews.
2:14 of 2nd period - Deflect By Patrick Kane.
2:14 of 2nd period - Stopped by James Reimer with a rebound.
2:28 of 2nd period - Jonas Brodin is hit by Scott Mayfield and loses puck.
2:52 of 2nd period - Slapshot by Connor Murphy.
2:52 of 2nd period - Shot Blocked by David Warsofsky.
2:54 of 2nd period - Slapshot by Brent Seabrook.
2:54 of 2nd period - Shot Misses the Net.
2:56 of 2nd period - Slapshot by David Kampf.
2:56 of 2nd period - Stopped by James Reimer without a rebound.
2:57 of 2nd period - Jonathan Toews wins face-off versus Mika Zibanejad in Minnesota Wild zone.
3:10 of 2nd period - Slapshot by Jared Spurgeon.
3:10 of 2nd period - Goal by Jared Spurgeon - Minnesota Wild : 3 - Chicago Blackhawks : 1.
3:11 of 2nd period - David Kampf wins face-off versus Matt Cullen in neutral zone.
3:18 of 2nd period - Jonas Brodin is hit by Duncan Keith and loses puck.
3:35 of 2nd period - Scott Mayfield is hit by Alexander Steen and loses puck.
4:00 of 2nd period - Snap shot by Richard Panik.
4:00 of 2nd period - Stopped by James Reimer with a rebound.
4:35 of 2nd period - David Kampf is hit by Patrick Sharp and loses puck.
4:56 of 2nd period - Jonas Brodin is hit by Connor Murphy and loses puck.
5:13 of 2nd period - Minor Penalty to Alexander Steen for Holding.
5:14 of 2nd period - Jonathan Toews wins face-off versus Mikko Koivu in Minnesota Wild zone.
5:26 of 2nd period - Off-side.
5:27 of 2nd period - Artem Anisimov wins face-off versus Johan Larsson in neutral zone.
5:41 of 2nd period - Slapshot by Nick Schmaltz.
5:41 of 2nd period - Deflect By Artem Anisimov.
5:41 of 2nd period - Shot Blocked by Jonas Brodin.
5:41 of 2nd period - Puck is out of play.
5:42 of 2nd period - Ryan Hartman wins face-off versus Mikko Koivu in Minnesota Wild zone.
5:53 of 2nd period - Slapshot by Jared Spurgeon.
5:53 of 2nd period - Shot Misses the Net.
6:17 of 2nd period - Slapshot by Duncan Keith.
6:17 of 2nd period - Stopped by James Reimer with a rebound.
6:35 of 2nd period - Off-side.
6:36 of 2nd period - Mikko Koivu wins face-off versus Jonathan Toews in neutral zone.
6:49 of 2nd period - Wrist shot by Jonathan Toews.
6:49 of 2nd period - Stopped by James Reimer without a rebound.
6:50 of 2nd period - Jonathan Toews wins face-off versus Johan Larsson in Minnesota Wild zone.
6:53 of 2nd period - Wrist shot by Jonathan Toews.
6:53 of 2nd period - Shot Misses the Net.
6:55 of 2nd period - Slapshot by Connor Murphy.
6:55 of 2nd period - Deflect By Ryan Hartman.
6:55 of 2nd period - Chicago Blackhawks goal is going for a video replay.
6:55 of 2nd period - The goal is refused. The attacking player has interfered with a goalkeeper in his goal crease..
6:56 of 2nd period - Jonathan Toews wins face-off versus Johan Larsson in Minnesota Wild zone.
7:13 of 2nd period - Penalty to Alexander Steen is over, Alexander Steen is back on ice.
7:31 of 2nd period - Slapshot by Seth Jones.
7:31 of 2nd period - Shot Blocked by Johan Larsson.
7:33 of 2nd period - Wrist shot by Marcus Kruger.
7:33 of 2nd period - Shot Misses the Net.
7:35 of 2nd period - Snap shot by Denis Malgin.
7:35 of 2nd period - Shot Misses the Net.
8:41 of 2nd period - Snap shot by David Warsofsky.
8:41 of 2nd period - Stopped by Corey Crawford with a rebound.
10:03 of 2nd period - Off-side.
10:04 of 2nd period - Artem Anisimov wins face-off versus Johan Larsson in neutral zone.
10:07 of 2nd period - David Warsofsky is hit by Anthony Mantha.
11:12 of 2nd period - Snap shot by Matt Nieto.
11:12 of 2nd period - Shot Blocked by Brent Seabrook.
11:32 of 2nd period - Slapshot by Seth Jones.
11:32 of 2nd period - Shot Blocked by Joel Eriksson Ek.
11:34 of 2nd period - Wrist shot by Anthony Mantha.
11:34 of 2nd period - Stopped by James Reimer with a rebound.
11:36 of 2nd period - Backhand shot by Artem Anisimov.
11:36 of 2nd period - Stopped by James Reimer without a rebound.
11:37 of 2nd period - Artem Anisimov wins face-off versus Johan Larsson in Minnesota Wild zone.
11:38 of 2nd period - Wrist shot by Anthony Mantha.
11:38 of 2nd period - Stopped by James Reimer with a rebound.
12:20 of 2nd period - Alex DeBrincat is hit by Joel Eriksson Ek and loses puck.
12:32 of 2nd period - Duncan Keith is hit by Joel Eriksson Ek and loses puck.
12:47 of 2nd period - Snap shot by Andrew Ladd.
12:47 of 2nd period - Shot Blocked by Jonas Brodin.
13:13 of 2nd period - Slapshot by Ty Rattie.
13:13 of 2nd period - Deflect By Jan Rutta.
13:13 of 2nd period - Shot Misses the Net.
13:13 of 2nd period - Puck is out of play.
13:14 of 2nd period - Matt Cullen wins face-off versus Jonathan Toews in Chicago Blackhawks zone.
13:46 of 2nd period - Snap shot by Nick Schmaltz.
13:46 of 2nd period - Shot Misses the Net.
13:48 of 2nd period - Snap shot by Anthony Mantha.
13:48 of 2nd period - Stopped by James Reimer with a rebound.
13:50 of 2nd period - Wrist shot by Artem Anisimov.
13:50 of 2nd period - Shot Misses the Net.
13:52 of 2nd period - Slapshot by Scott Mayfield.
13:52 of 2nd period - Stopped by James Reimer with a rebound.
14:06 of 2nd period - Seth Jones is hit by Alexander Steen and loses puck.
14:13 of 2nd period - Wrist shot by Mikael Granlund.
14:13 of 2nd period - Stopped by Corey Crawford without a rebound.
14:14 of 2nd period - Mikko Koivu wins face-off versus Ryan Hartman in Chicago Blackhawks zone.
14:15 of 2nd period - Snap shot by Jason Zucker.
14:15 of 2nd period - Shot Blocked by Jonathan Toews.
14:29 of 2nd period - Slapshot by Mikko Koivu.
14:29 of 2nd period - Shot Misses the Net.
14:39 of 2nd period - Mikael Granlund is hit by Denis Malgin and loses puck.
15:56 of 2nd period - Wrist shot by Jonathan Toews.
15:56 of 2nd period - Shot Misses the Net.
16:12 of 2nd period - Artem Anisimov is hit by Joel Eriksson Ek and loses puck.
16:58 of 2nd period - Jan Rutta is hit by Christian Folin.
17:02 of 2nd period - Slapshot by Brent Seabrook.
17:02 of 2nd period - Shot Misses the Net.
17:14 of 2nd period - Slapshot by Nick Schmaltz.
17:14 of 2nd period - Stopped by James Reimer with a rebound.
17:16 of 2nd period - Snap shot by Artem Anisimov.
17:16 of 2nd period - Shot Misses the Net.
17:53 of 2nd period - Slapshot by Duncan Keith.
17:53 of 2nd period - Shot Blocked by Nate Prosser.
17:55 of 2nd period - Wrist shot by Patrick Kane.
17:55 of 2nd period - Shot Misses the Net.
18:17 of 2nd period - Snap shot by Richard Panik.
18:17 of 2nd period - Deflect By Denis Malgin.
18:17 of 2nd period - Stopped by James Reimer with a rebound.
18:29 of 2nd period - Mikael Granlund is hit by Artem Anisimov and loses puck.
18:51 of 2nd period - Matt Dumba is hit by Connor Murphy and loses puck.
19:08 of 2nd period - Seth Jones is hit by Patrick Sharp and loses puck.
19:13 of 2nd period - Slapshot by Jared Spurgeon.
19:13 of 2nd period - Deflect By Patrick Sharp.
19:13 of 2nd period - Shot Blocked by Connor Murphy.
19:13 of 2nd period - Puck is out of play.
19:14 of 2nd period - Mika Zibanejad wins face-off versus Marcus Kruger in Chicago Blackhawks zone.
19:21 of 2nd period - Slapshot by Alexander Steen.
19:21 of 2nd period - Shot Blocked by Richard Panik.
19:25 of 2nd period - Slapshot by Mikael Granlund.
19:25 of 2nd period - Stopped by Corey Crawford with a rebound.
19:27 of 2nd period - Wrist shot by Mikael Granlund.
19:27 of 2nd period - Stopped by Corey Crawford without a rebound.
19:28 of 2nd period - Mikko Koivu wins face-off versus Jonathan Toews in Chicago Blackhawks zone.
19:33 of 2nd period - Wrist shot by Jason Zucker.
19:33 of 2nd period - Shot Misses the Net.
19:39 of 2nd period - Matt Dumba is hit by Duncan Keith.
19:55 of 2nd period - Scott Mayfield is hit by Alexander Steen and loses puck.
Goals for this period are 2 for Minnesota Wild vs 0 for Chicago Blackhawks.
Shots for this period are 10 for Minnesota Wild vs 13 for Chicago Blackhawks.

3rd period


0:01 of 3rd period - Artem Anisimov wins face-off versus Mika Zibanejad in neutral zone.
0:26 of 3rd period - Nick Schmaltz is hit by Matt Dumba and loses puck.
0:35 of 3rd period - Snap shot by Patrick Sharp.
0:35 of 3rd period - Shot Blocked by Seth Jones.
0:51 of 3rd period - Wrist shot by Nick Schmaltz.
0:51 of 3rd period - Stopped by James Reimer without a rebound.
0:52 of 3rd period - Marcus Kruger wins face-off versus Mikko Koivu in Minnesota Wild zone.
1:05 of 3rd period - Wrist shot by Jason Zucker.
1:05 of 3rd period - Stopped by Corey Crawford without a rebound.
1:06 of 3rd period - Joel Eriksson Ek wins face-off versus Jonathan Toews in Chicago Blackhawks zone.
1:57 of 3rd period - Minor Penalty to Patrick Sharp for Holding.
1:58 of 3rd period - Mikko Koivu wins face-off versus Artem Anisimov in Minnesota Wild zone.
2:20 of 3rd period - Nick Schmaltz is hit by Mikael Granlund.
3:57 of 3rd period - Penalty to Patrick Sharp is over, Patrick Sharp is back on ice.
3:57 of 3rd period - Christian Folin is hit by Andrew Ladd and loses puck.
4:24 of 3rd period - Richard Panik is hit by Matt Cullen and loses puck.
5:36 of 3rd period - Christian Folin is hit by Scott Mayfield and loses puck.
5:55 of 3rd period - Anthony Mantha is hit by Mikko Koivu and loses puck.
6:08 of 3rd period - Nino Niederreiter is hit by Scott Mayfield and loses puck.
6:47 of 3rd period - Brent Seabrook is hit by Matt Dumba.
7:11 of 3rd period - Slapshot by Johan Larsson.
7:11 of 3rd period - Shot Misses the Net.
7:31 of 3rd period - David Kampf is hit by Matt Dumba.
7:55 of 3rd period - Alexander Steen is hit by Ryan Hartman and loses puck.
8:13 of 3rd period - Denis Malgin is hit by Matt Dumba and loses puck.
8:24 of 3rd period - Matt Dumba is hit by Alex DeBrincat and loses puck.
8:51 of 3rd period - Joel Eriksson Ek is hit by Connor Murphy and loses puck.
9:00 of 3rd period - Patrick Kane is hit by Ty Rattie and loses puck.
9:11 of 3rd period - Denis Malgin is hit by Matt Cullen and loses puck.
9:27 of 3rd period - Duncan Keith is hit by Christian Folin.
9:39 of 3rd period - Brent Seabrook is hit by Mikko Koivu and loses puck.
9:50 of 3rd period - Matt Nieto is hit by David Kampf and loses puck.
10:04 of 3rd period - Icing by Andrew Ladd.
10:05 of 3rd period - Mikael Granlund wins face-off versus David Kampf in Chicago Blackhawks zone.
10:06 of 3rd period - Slapshot by Alexander Steen.
10:06 of 3rd period - Stopped by Corey Crawford with a rebound.
10:08 of 3rd period - Snap shot by Joel Eriksson Ek.
10:08 of 3rd period - Stopped by Corey Crawford without a rebound.
10:09 of 3rd period - Jonathan Toews wins face-off versus Johan Larsson in Chicago Blackhawks zone.
10:34 of 3rd period - Matt Dumba is hit by Nick Schmaltz and loses puck.
10:45 of 3rd period - Snap shot by Anthony Mantha.
10:45 of 3rd period - Shot Misses the Net.
10:47 of 3rd period - Slapshot by Nick Schmaltz.
10:47 of 3rd period - Shot Misses the Net.
11:19 of 3rd period - Matt Dumba is hit by Richard Panik and loses puck.
12:15 of 3rd period - Wrist shot by Alex DeBrincat.
12:15 of 3rd period - Shot Misses the Net.
12:27 of 3rd period - Jared Spurgeon is hit by Marcus Kruger and loses puck.
13:04 of 3rd period - Nate Prosser is hit by Connor Murphy and loses puck.
13:13 of 3rd period - Wrist shot by Nick Schmaltz.
13:13 of 3rd period - Shot Blocked by Alexander Steen.
13:48 of 3rd period - Snap shot by Denis Malgin.
13:48 of 3rd period - Shot Blocked by Christian Folin.
13:50 of 3rd period - Slapshot by Scott Mayfield.
13:50 of 3rd period - Stopped by James Reimer without a rebound.
13:51 of 3rd period - Marcus Kruger wins face-off versus Matt Cullen in Minnesota Wild zone.
13:52 of 3rd period - Snap shot by Richard Panik.
13:52 of 3rd period - Stopped by James Reimer without a rebound.
13:53 of 3rd period - Jonathan Toews wins face-off versus Matt Cullen in Minnesota Wild zone.
13:54 of 3rd period - Snap shot by Patrick Kane.
13:54 of 3rd period - Stopped by James Reimer without a rebound.
13:55 of 3rd period - Jonathan Toews wins face-off versus Matt Cullen in Minnesota Wild zone.
14:06 of 3rd period - Wrist shot by Jonathan Toews.
14:06 of 3rd period - Shot Misses the Net.
14:08 of 3rd period - Slapshot by Seth Jones.
14:08 of 3rd period - Shot Blocked by Matt Nieto.
14:10 of 3rd period - Slapshot by Connor Murphy.
14:10 of 3rd period - Shot Blocked by Christian Folin.
14:22 of 3rd period - Snap shot by Mikko Koivu.
14:22 of 3rd period - Stopped by Corey Crawford without a rebound.
14:23 of 3rd period - Mikko Koivu wins face-off versus Artem Anisimov in Chicago Blackhawks zone.
14:24 of 3rd period - Wrist shot by Jason Zucker.
14:24 of 3rd period - Stopped by Corey Crawford with a rebound.
14:26 of 3rd period - Slapshot by Jason Zucker.
14:26 of 3rd period - Shot Misses the Net.
14:28 of 3rd period - Slapshot by Nate Prosser.
14:28 of 3rd period - Stopped by Corey Crawford without a rebound.
14:29 of 3rd period - Jonathan Toews wins face-off versus Mika Zibanejad in Chicago Blackhawks zone.
14:36 of 3rd period - Slapshot by Mikael Granlund.
14:36 of 3rd period - Stopped by Corey Crawford without a rebound.
14:37 of 3rd period - Jonathan Toews wins face-off versus Mikko Koivu in Chicago Blackhawks zone.
14:39 of 3rd period - Minor Penalty to Ryan Hartman for Close Hand On Puck.
14:40 of 3rd period - Marcus Kruger wins face-off versus Mikko Koivu in Chicago Blackhawks zone.
15:36 of 3rd period - Nino Niederreiter is hit by Brent Seabrook and loses puck.
16:21 of 3rd period - Seth Jones is hit by Jason Zucker and loses puck.
16:39 of 3rd period - Penalty to Ryan Hartman is over, Ryan Hartman is back on ice.
17:12 of 3rd period - Wrist shot by Johan Larsson.
17:12 of 3rd period - Stopped by Corey Crawford with a rebound.
17:53 of 3rd period - Patrick Kane is hit by Johan Larsson and loses puck.
Goals for this period are 0 for Minnesota Wild vs 0 for Chicago Blackhawks.
Shots for this period are 8 for Minnesota Wild vs 4 for Chicago Blackhawks.